 Dungeon Crawl Stone Soup version 0.20.0-15-g7f486f2 (webtiles) character file.

23 sagitran the Cutter (level 2, -2/21 HPs)
             Began as a Demonspawn Wanderer on June 12, 2017.
             Killed from afar by Sigmund (5 damage)
             ... with a magic dart
             ... on level 2 of the Dungeon.
             The game lasted 00:11:57 (657 turns).

sagitran the Cutter (Demonspawn Wanderer)            Turns: 657, Time: 00:11:58

Health: -2/21      AC:  3    Str: 13    XL:     2   Next: 75%
Magic:  2/5        EV: 11    Int: 13    God:
Gold:   21         SH:  0    Dex: 11    Spells: 1/5 levels left

rFire    . . .     SeeInvis .   d - +0 short sword
rCold    . . .     Gourm    .   (no shield)
rNeg     . . .     Faith    .   a - +0 leather armour
rPois    .         Spirit   .   (no helmet)
rElec    .         Reflect  .   (no cloak)
rCorr    .         Harm     .   (no gloves)
MR       .....                  (no boots)
Stlth    +.........             (no amulet)
Regen    0.1/turn               (no ring)
MPRegen  0.1/turn               (no ring)

@: very slightly contaminated
A: talons 1
a: no special abilities


You were on level 2 of the Dungeon.
You were not hungry.

You visited 1 branch of the dungeon, and saw 2 of its levels.

You collected 21 gold pieces.

Inventory:

Hand Weapons
 d - a +0 short sword (weapon)
Missiles
 b - 2 throwing nets (quivered)
Armour
 a - a +0 leather armour (worn)
Scrolls
 e - a scroll of identify {unknown}
 g - a scroll of fear {unknown}
 i - a scroll of random uselessness {unknown}
 j - a scroll of teleportation {unknown}
 k - a scroll of blinking {unknown}
Potions
 h - a potion of heal wounds {unknown}
 l - a potion of curing {unknown}
Books
 c - the Reference Book on the Frostbite

   Spells                             Type                      Level
   a - Throw Frost                    Conjuration/Ice              2
   b - Ensorcelled Hibernation        Hexes/Ice                    2
Comestibles
 f - a bread ration


   Skills:
 + Level 1.0 Fighting
 + Level 3.1 Short Blades
 + Level 1.0 Throwing
 + Level 1.2 Dodging
 + Level 0.4 Stealth
 + Level 2.3 Spellcasting
   Level 1.0 Fire Magic
   Level 1.0 Evocations


You had one spell level left.
You knew the following spells:

 Your Spells              Type           Power        Failure   Level  Hunger
a - Throw Frost           Conj/Ice       #.....       43%         2    ###....
b - Ensorcelled Hibernat  Hex/Ice        #.....       43%         2    ###....


Dungeon Overview and Level Annotations

Branches:
Dungeon (2/15)

Altars:

Annotations:
D:2 Sigmund


Innate Abilities, Weirdness & Mutations

You have sharp toenails.


Message History

You bump into the rock wall.
Sigmund hits you from afar with a scythe!
Ouch! That really hurt!
You bump into the rock wall.
You're too confused to move!
You feel less confused. Sigmund barely misses you.
Okay, then.
Casting: Throw Frost
Confirm with . or Enter, or press ? or * to list all spells.
Aiming: Ensorcelled Hibernation
Press: ? - help, Shift-Dir - straight line, f/p - Sigmund
Aim: Sigmund, wielding a scythe and wearing a robe (chance to defeat MR: 42%)
You miscast Ensorcelled Hibernation.
Frost covers your body.
Sigmund hits you from afar with a scythe.
* * * LOW HITPOINT WARNING * * *
You see here 28 bolts.
Sigmund casts a spell at you. The magic dart hits you!
You die...

#####..##.# ..
.......#
#####..##.####
#..#.#....
#####.....###
>.........#
#####.###.#
#####.#
#.###########.#
......#
#.(..@..@.....#
#######
###############


You could see Sigmund.

Vanquished Creatures
  A dart slug (D:1)
  A giant cockroach (D:1)
  3 goblins (D:1)
  4 hobgoblins
  A ball python (D:1)
  3 bats
  A frilled lizard (D:1)
  3 kobolds (D:1)
  4 rats
21 creatures vanquished.

Notes
Turn   | Place    | Note
-------+----------+-------------------------------------------
     0 | D:1      | sagitran the Demonspawn Wanderer began the quest for the Orb.
     0 | D:1      | sagitran set off with: a +0 leather armour, 2 throwing nets, the Reference Book on the Frostbite, a +0 short sword, a bread ration
     0 | D:1      | Reached XP level 1. HP: 15/15 MP: 3/3
   140 | D:1      | Reached skill level 3 in Short Blades
   202 | D:1      | Gained mutation: You have sharp toenails. [demonic ancestry]
   202 | D:1      | Reached XP level 2. HP: 21/21 MP: 5/5
   249 | D:1      | Identified the Reference Book on the Frostbite
   252 | D:1      | Learned a level 2 spell: Throw Frost
   255 | D:1      | Learned a level 2 spell: Ensorcelled Hibernation
   639 | D:2      | Noticed Sigmund
   657 | D:2      | Killed from afar by Sigmund

Skill      XL: |  1 |
---------------+----+-----
Short Blades   | 3 |  3.1
Fighting       | |  1.0
Throwing       | |  1.0
Dodging        | |  1.2
Stealth        | |  0.4
Spellcasting   | |  2.3
Fire Magic     | |  1.0
Evocations     | |  1.0

Action                   || total
-------------------------++-------
Melee: Short sword       ||    72
       Kick              ||     6
Throw: Throwing net      ||     5
 Stab: Held in net/web   ||     3
Armor: Leather armour    ||    22
Dodge: Dodged            ||    41
